 Dungeon Crawl Stone Soup version 0.29.1-1-gd02db6906a (webtiles) character file.

Game seed: 17100987788932373460

116 Ordine the Caller (level 4, 19/19 HPs)
             Began as a Felid Summoner on Sept 17, 2022.
             Quit the game on level 3 of the Dungeon.
             The game lasted 00:12:23 (4216 turns).

Ordine the Caller (Felid Summoner)                  Turns: 4216, Time: 00:12:24

Health: 19/19      AC:  1    Str:  4    XL:     4   Next: 69%
Magic:  10/10      EV: 18    Int: 19    God:
Gold:   154        SH:  0    Dex: 16    Spells: 1/10 levels left
                                        Lives:  0   Deaths: 1

rFire   . . .      SeeInvis +   (weapon unavailable)
rCold   + . .      Faith    .   (shield unavailable)
rNeg    . . .      Spirit   .   (body armour unavailable)
rPois   .          Reflect  .   (helmet unavailable)
rElec   .          Harm     .   (cloak unavailable)
rCorr   .          Rampage  .   (gloves unavailable)
Will    .....                   (boots unavailable)
Stlth   ++........              (no amulet)
HPRegen 0.06/turn               i - ring of protection from cold
MPRegen 0.12/turn               (no ring)

@: quick
A: very small, claws 1, fangs 3, see invisible, speed 1, shaggy fur 1, stealthy
paws, no weapons or thrown items, no armour, multi-lived, sense surroundings 1
a: no special abilities


You were on level 3 of the Dungeon.
You visited 1 branch of the dungeon, and saw 6 of its levels.

You collected 154 gold pieces.

Inventory:

Jewellery
 i - a ring of protection from cold (left paw)
Wands
 r - a wand of polymorph (1)
Scrolls
 c - a scroll of immolation {unknown}
 f - a scroll of teleportation {unknown}
 h - a scroll of silence {unknown}
 j - a scroll of blinking {unknown}
 k - a scroll of poison {unknown}
 m - 2 scrolls of identify {unknown}
 p - a scroll of enchant weapon {unknown}
Potions
 a - a potion of magic
 b - a potion of attraction
 d - 2 potions of curing {unknown}
 e - a potion of degeneration {unknown}
 g - a potion of might
 l - a potion of mutation
 n - a potion of flight {unknown}
 o - a potion of resistance {unknown}
 q - a potion of berserk rage {unknown}


   Skills:
 + Level 1.5 Fighting
 + Level 3.5 Dodging
 - Level 2.6 Stealth
 + Level 3.5 Spellcasting
 + Level 2.2 Hexes
 + Level 5.2 Summonings


You had one spell level left.
You knew the following spells:

 Your Spells              Type           Power      Damage    Failure   Level
a - Summon Small Mammal   Summ           92%        N/A       1%          1
b - Call Imp              Summ           23%        N/A       2%          2
c - Call Canine Familiar  Summ           23%        N/A       4%          3
d - Summon Guardian Gole  Hex/Summ       17%        N/A       10%         3

Your spell library contained the following spells:

 Spells                   Type           Power      Damage    Failure   Level
 Apportation              Tloc           6%         N/A       14%         1
 Necrotise                Necr           12%        1d4       14%         1
 Poisonous Vapours        Pois/Air       6%         N/A       22%         2
 Mephitic Cloud           Conj/Pois/Air  3%         N/A       41%         3
 Summon Lightning Spire   Summ/Air       13%        N/A       43%         4
 Corpse Rot               Necr/Pois/Air  3%         N/A       82%         4
 Spellforged Servitor     Conj/Summ      6%         N/A       100%        7
 Fire Storm               Conj/Fire      1%         8d1       100%        9


Dungeon Overview and Level Annotations

Branches:
Dungeon (6/15)
 Temple: D:4-7

Altars:
Dithmenos
Gozag
Makhleb
Uskayaw
Yredelemnul

Shops:
D:1 [


Innate Abilities, Weirdness & Mutations

You have sharp claws.
You have razor-sharp teeth.
You have supernaturally acute eyesight. (SInv)
You cover ground quickly. (Speed+)
You are covered in fur. (AC +1)
Your paws help you pounce on unaware monsters.
You are incapable of wielding weapons or throwing items.
You cannot wear armour.
You gain extra lives every three experience levels.
You passively map a small area around you.


Message History

You feel sick.
You feel sick.
Your magical contamination has completely faded away.
You feel sick.
There is an escape hatch in the ceiling here.
You feel sick. The adder closely misses you.
A mysterious force pulls you upwards. The hatch slams shut behind you.
You hear the sound of rushing water.
There is an entrance to a sewer on this level.
Hurry and find it before the portal rusts away!
Found a hand axe and 5 stones.
Found a stone staircase leading up.
You feel sick.
There is a stone staircase leading up here.
You feel sick.
You are no longer poisoned.
The adder bites you.
* * * LOW HITPOINT WARNING * * *
You are lethally poisoned!
The adder poisons you!
You climb upwards.
* * * LOW HITPOINT WARNING * * *
You feel sick.
Found a hide-covered altar of Uskayaw and a burning altar of Makhleb.
There is a stone staircase leading down here.
It was a potion of attraction.
You feel attractive to monsters.
* * * LOW HITPOINT WARNING * * *
You feel sick. The adder misses you. The adder closely misses you.
Unknown command.
It was a potion of might.
You feel very mighty all of a sudden.
* * * LOW HITPOINT WARNING * * *
You feel sick. The adder completely misses you.
Unknown command.
It was a potion of mutation.
You feel extremely strange.
You feel a strange attunement to the structure of the dungeons.
You die...
You feel sick. The adder completely misses you.
You are now level 4!
You rejoin the land of the living...
Are you sure you want to abandon this character and quit the game? (Confirm with "yes".)

####.######## #.# #.# #.# #.# #.#
#.# #.# #.# #.. #.# ##########
### #.# #...†....######### ##>
####.#######.######.........##8.S
.(...........(..@.....#####.##...
.###.........####.###.......#8...
.# ####.###..# #.# #######§##...
.# #.# #..# #.# ####.##8.. ## #.#
#..## #.# #.†..##... #.# #...#
#.# #.##.#_... #######.# #.[.#
#.# #.##.# ........###...###.#
#.##.#*
#######.........<.######....#


There were no monsters in sight!

Vanquished Creatures
  A dart slug (D:1)
  2 bats (D:3)
  A goblin (D:2)
  A hobgoblin (D:1)
  2 ball pythons
  3 rats
10 creatures vanquished.

Vanquished Creatures (collateral kills)
  A scorpion (D:5)
  Jessica (D:3)
  Terence (D:2)
  5 adders
  2 worms (D:2)
  2 dart slugs
  3 orcs (D:3)
  A ball python (D:1)
  3 bats
  2 endoplasms
  6 giant cockroaches
  3 hobgoblins
  6 jackals (D:1)
  5 kobolds
  3 frilled lizards
  3 goblins
  2 rats
49 creatures vanquished.

Grand Total: 59 creatures vanquished

Notes
Turn   | Place    | Note
-------+----------+-------------------------------------------
     0 | D:1      | Ordine the Felid Summoner began the quest for the Orb.
     0 | D:1      | Reached XP level 1. HP: 7/7 MP: 4/4
   176 | D:1      | Reached XP level 2. HP: 11/11 MP: 6/6
   216 | D:1      | Learned a level 2 spell: Call Imp
   404 | D:1      | Found a faded altar of an unknown god.
   435 | D:1      | Found Pyphicso's Armour Shop.
  1182 | D:1      | Reached XP level 3. HP: 14/14 MP: 2/8
  1233 | D:1      | Learned a level 3 spell: Call Canine Familiar
  1839 | D:2      | Noticed Terence
  2850 | D:2      | Reached XP level 4. HP: 18/18 MP: 6/9
  2885 | D:1      | Learned a level 3 spell: Summon Guardian Golem
  3361 | D:2      | Killed Terence
  3362 | D:2      | Reached skill level 1 in Hexes
  3439 | D:3      | Found a shadowy altar of Dithmenos.
  3499 | D:3      | Reached skill level 5 in Summonings
  3754 | D:3      | Noticed Jessica
  3762 | D:3      | Killed Jessica
  3763 | D:3      | Reached skill level 1 in Fighting
  3763 | D:3      | Reached XP level 5. HP: 22/22 MP: 6/11
  3841 | D:3      | Got the Tractate on Conjuration
  3930 | D:3      | Found a basalt altar of Yredelemnul.
  3987 | D:3      | Found an opulent altar of Gozag.
  3987 | D:3      | You fall into a shaft and drop 3 floors!
  4088 | D:5      | Entered Level 5 of the Dungeon
  4194 | D:5      | Noticed a nameless horror
  4212 | D:3      | Found a hide-covered altar of Uskayaw.
  4212 | D:3      | Found a burning altar of Makhleb.
  4214 | D:3      | HP: 1/22 [poisoned by an adder]
  4215 | D:3      | Gained mutation: You passively map a small area around you.
                  | [potion of mutation]
  4215 | D:3      | Succumbed to an adder's poison
  4216 | D:3      | Reached XP level 4. HP: 0/19 MP: 8/10
  4216 | D:3      | Quit the game

Illustrated notes

Levels and vault maps discovered:
D:1:      dpeg_arrival_more_subterranean_lakeside_camping, layout_basic,
          serial_shops, shop, nicolae_ecumenical_snake_handling,
          minmay_heptomino_w4
D:2:      layout_basic, uniq_terence
D:3:      layout_loops_ring, mainiacjoe_overflow_cross_hatched,
          nicolae_overflow_hidden_temple, mainiacjoe_overflow_paths,
          nicolae_gozag_seed_capital, uniq_jessica
D:4:      layout_gridville, temple_hall, portal_sewer_entry_c, uniq_pikel,
          uniq_menkaure
D:5:      layout_cave_pools, nzn_wu_jian_council_hall, uniq_sigmund
D:6:      layout_basic, general_overflow_altar, lemuel_blue_sif_altar

Skill      XL: |  1  2  3  4  5 |
---------------+----------------+-----
Spellcasting   | 3 |  3.5
Hexes          | 1 2 |  2.2
Dodging        | 3 |  3.5
Summonings     | 5 |  5.2
Fighting       | 1 |  1.5
Stealth        | |  2.6

Action                   |  1- 3 |  4- 6 || total
-------------------------+-------+-------++-------
Melee: Unarmed           |    26 |    10 ||    36
       Bite              |     7 |       ||     7
 Cast: Summon Small Mamm |    33 |    10 ||    43
       Call Imp          |    18 |    10 ||    28
       Call Canine Famil |     7 |     6 ||    13
  Use: Potion            |       |     3 ||     3
 Stab: Sleeping          |       |     4 ||     4
Armor: Skin              |     4 |       ||     4
Dodge: Dodged            |    46 |    18 ||    64
